 Dungeon Crawl Stone Soup version 0.30-a0-800-g7c544603b3 (webtiles) character file.

Game seed: 771312222889323448

18 sircluck the Sneak (level 2, -2/28 HPs)
             Began as a Kobold Delver on Feb 22, 2023.
             Was an Initiate of Ashenzari.
             Slain by Crazy Yiuf
             ... wielding a +3 quarterstaff of chaos
              (10 damage)
             ... on level 6 of the Dungeon.
             The game lasted 00:02:14 (313 turns).

sircluck the Sneak (Kobold Delver)                   Turns: 313, Time: 00:02:15

Health: -2/28      AC:  3    Str:  9    XL:     2   Next: 90%
Magic:  2/2        EV: 14    Int: 11    God:    Ashenzari [......]
Gold:   36         SH:  0    Dex: 16    Spells: 1/1 levels left

rFire   . . .      SeeInvis .    a - +0 short sword
rCold   . . .      Faith    .    (no shield)
rNeg    . . .      Spirit   .    b - +0 leather armour
rPois   .          Reflect  .    (no helmet)
rElec   .          Harm     .    (no cloak)
rCorr   .          Rampage  .    (no gloves)
Will    .....                    (no boots) Stlth
                                 (no amulet)
HPRegen 0.24/turn                (no ring)
MPRegen 0.08/turn                (no ring)

@: berserking, about to teleport, hasted, very quick
A: small, no large weapons, nightstalker 3
a: Renounce Religion


You were on level 6 of the Dungeon.
You worshipped Ashenzari.
Ashenzari was noncommittal.
You visited 1 branch of the dungeon, and saw 2 of its levels.

You collected 36 gold pieces.

Inventory:

Hand Weapons
 a - a +0 short sword (weapon)
Missiles
 h - 2 atropa-tipped darts (quivered)
Armour
 b - a +0 leather armour (worn)
Wands
 g - a wand of digging (3)
Scrolls
 c - a scroll of fog
 d - a scroll of magic mapping
 k - a scroll of enchant weapon {unknown}
Potions
 e - 2 potions of lignification {unknown}
 f - a potion of haste


   Skills:
 + Level 3.4 Fighting
 + Level 2.8 Short Blades
 + Level 2.4 Dodging
 + Level 7.3 Stealth


You had one spell level left.
You didn't know any spells.
Your spell library was empty.

Dungeon Overview and Level Annotations

Branches:
Dungeon (6/15)
 Temple: D:4-7

Altars:
Ashenzari
Zin

Shops:
D:6 **

Annotations:
D:6 Crazy Yiuf


Innate Abilities, Weirdness & Mutations

You are small and have problems with some larger weapons.
You are completely attuned to the shadows.


Message History

Found a hammer.
You start resting.
Crazy Yiuf shouts!
Crazy Yiuf yells, "Buddy toodlewoodle fast!"
Crazy Yiuf says, "Proton stair Hive!"
Crazy Yiuf flaps his cloak.
Crazy Yiuf sings, "Trees, trees, trees, circus!" x2
Crazy Yiuf laughs, "Sif Muna!
Goldfish fast ena."
Crazy Yiuf says, "Crazy?
Crazy!?
PORCUPINE!"
HP restored.
You open the door. You hit Crazy Yiuf.
Crazy Yiuf is lightly wounded.
You barely miss Crazy Yiuf.
Crazy Yiuf is lightly wounded.
Crazy Yiuf misses you.
You hit Crazy Yiuf.
Crazy Yiuf is moderately wounded.
Crazy Yiuf grits, "Cholesterol!"
Crazy Yiuf completely misses you.
You hit Crazy Yiuf but do no damage.
Crazy Yiuf is moderately wounded.
Crazy Yiuf zaps a wand.
The bolt of light misses you.
The now-empty wand crumbles to dust.
You hit Crazy Yiuf but do no damage.
Crazy Yiuf is moderately wounded.
Crazy Yiuf misses you.
You hit Crazy Yiuf.
Crazy Yiuf is moderately wounded.
Crazy Yiuf hits you with a +3 quarterstaff of chaos!
Ouch! That really hurt!
* * * LOW HITPOINT WARNING * * *
You feel yourself speed up.
As you read the scroll labelled TANENIDALA, it crumbles to dust.
You feel strangely unstable.
It was a scroll of teleportation.
It was a potion of berserk rage.
A red film seems to cover your vision as you go berserk!
You feel yourself moving faster!
You feel mighty!
Crazy Yiuf hits you with a +3 quarterstaff of chaos!
You die...

#)..# #...# ...
#g# #@## ##.#
#.## ##.# ##.##
##P..# #...#
#PP.P# #...###.
#....# #.......
###..####.......


You could see Crazy Yiuf.

Vanquished Creatures
  2 adders (D:6)
2 creatures vanquished.

Vanquished Creatures (others)
  A fungus (D:6)
1 creature vanquished.

Grand Total: 3 creatures vanquished

Notes
Turn   | Place    | Note
-------+----------+-------------------------------------------
     0 | D:5      | sircluck the Kobold Delver began the quest for the Orb.
     0 | D:5      | Reached XP level 1. HP: 14/14 MP: 1/1
    20 | D:5      | Noticed a killer bee
    20 | D:5      | Noticed a killer bee
    60 | D:6      | Found Dofuisch's General Store.
    61 | D:6      | Found Vuotobro's Specific Store.
    66 | D:6      | Reached skill level 7 in Stealth
    66 | D:6      | Reached XP level 2. HP: 19/19 MP: 2/2
    93 | D:6      | Found a glowing silver altar of Zin.
    93 | D:6      | Found a broken altar of Ashenzari.
   105 | D:6      | Became a worshipper of Ashenzari the Shackled
   217 | D:6      | Noticed an ice beast
   257 | D:6      | Found a runed translucent door.
   260 | D:6      | Noticed Crazy Yiuf
   313 | D:6      | Slain by Crazy Yiuf

Illustrated notes

Levels and vault maps discovered:
D:5:      layout_cave_pods
D:6:      layout_cave_pools, gammafunk_temple_overflow_elements,
          ebering_ghost_reflecting_pool, nicolae_specific_store, uniq_duvessa,
          uniq_maggie, uniq_crazy_yiuf_cottage

Skill      XL: |  1 |
---------------+----+-----
Stealth        | 7 |  7.3
Fighting       | |  3.4
Short Blades   | |  2.8
Dodging        | |  2.4

Action                     || total
---------------------------++-------
  Melee: Short sword       ||    21
  Throw: Dart              ||     2
    Use: Scroll            ||     2
         Potion            ||     1
   Stab: Sleeping          ||     2
 Armour: Leather armour    ||     1
  Dodge: Dodged            ||    12

Table legend: (Time is in decaauts)
 A = Elapsed time spent in this place.
 B = Non-inter-level travel time spent in this place.
 C = Inter-level travel time spent in this place.
 D = Time resting spent in this place.
 E = Time spent auto-exploring this place.
 F = Levels seen in this place.
 G = Mean time per level.
                   A        B        C        D        E       F      G
               +--------+--------+--------+--------+--------+-----+--------+
         Total |    309 |    297 |     12 |     44 |    107 |   2 |  154.5 |
       Dungeon |    309 |    297 |     12 |     44 |    107 |   2 |  154.5 |
               +--------+--------+--------+--------+--------+-----+--------+

Top non-repeatable levels by time:
     D:6: 273 daAuts
     D:5: 36 daAuts
